 Dungeon Crawl Stone Soup version 0.27.1-3-gb3d3a73c9e (webtiles) character file.

Game seed: 17566544780565986383

3 Gabide the Charlatan (level 1, -1/15 HPs)
             Began as a Human Artificer on Oct 29, 2021.
             Slain by a rat (2 damage)
             ... on level 1 of the Dungeon.
             The game lasted 00:00:31 (228 turns).

Gabide the Charlatan (Human Artificer)               Turns: 228, Time: 00:00:32

Health: -1/15      AC:  3    Str: 12    XL:     1   Next: 55%
Magic:  1/1        EV:  8    Int: 11    God:
Gold:   14         SH:  0    Dex: 13    Spells: 0/0 levels left

rFire    . . .     SeeInvis .   f - +2 dagger (drain)
rCold    . . .     Faith    .   (no shield)
rNeg     . . .     Spirit   .   b - +0 leather armour
rPois    .         Reflect  .   (no helmet)
rElec    .         Harm     .   (no cloak)
rCorr    .         Rampage  .   (no gloves)
Will     .....                  (no boots)
Stlth    +.........             (no amulet)
HPRegen  0.05/turn              (no ring)
MPRegen  0.07/turn              (no ring)

@: constricted
A: no striking features
a: no special abilities


You were on level 1 of the Dungeon.
You visited 1 branch of the dungeon, and saw 1 of its levels.

You collected 14 gold pieces.

Inventory:

Hand Weapons
 a - a +0 club
 f - a +2 dagger of draining (weapon)
Armour
 b - a +0 leather armour (worn)
Wands
 c - a wand of flame (14) (quivered)
 d - a wand of charming (15)
Miscellaneous
 e - a piece from Xom's chessboard (15/15)


   Skills:
 + Level 1.0 Fighting
 - Level 0.4 Maces & Flails
 + Level 2.2 Armour
 + Level 1.0 Dodging
 - Level 1.0 Stealth
 + Level 3.0 Evocations


You couldn't memorise any spells.
You didn't know any spells.
Your spell library was empty.

Dungeon Overview and Level Annotations

Branches:
Dungeon (1/15)

Altars:


Message History

The ball python barely misses you. The ball python constricts you.
The ball python barely misses you. The ball python constricts you.
You hit the ball python but do no damage.
The ball python is moderately wounded.
The ball python barely misses you. The ball python constricts you.
You hit the ball python.
The ball python is heavily wounded.
The ball python bites you but does no damage.
The ball python constricts you. The rat bites you.
The ball python bites you but does no damage.
The ball python constricts you.
You closely miss the ball python.
The ball python is heavily wounded.
The ball python closely misses you. The ball python constricts you.
The rat bites you.
You are too injured to fight recklessly!
You sense an unholy aura.
f - a +2 dagger of draining (weapon)
The ball python bites you. The ball python constricts you.
The rat barely misses you.
You closely miss the ball python.
The ball python is heavily wounded.
The ball python bites you but does no damage.
The ball python constricts you. The rat barely misses you.
You barely miss the ball python.
The ball python is heavily wounded.
The ball python bites you but does no damage.
The ball python constricts you.
* * * LOW HITPOINT WARNING * * *
The rat bites you.
* * * LOW HITPOINT WARNING * * *
You aren't carrying any scrolls.
Aiming: Throw Flame
Press: ? - help, Q - select action, (/) - cycle Shift-Dir - straight line, f - rat
Aim: a rat (71% to hit)
The puff of flame misses the rat.
The ball python barely misses you. The ball python constricts you.
* * * LOW HITPOINT WARNING * * *
The rat bites you.
You die...

#...... #######
#......)......##
#...............
#........#.#.#.# ###
#.#............... b...
#.#......#.#.#.#.#
#..##.#...##.#........
#.....#.......r#.#.#.#
#.....#...##.#@.......
##....#.....#.#S#.#.#.#
##.......#.#...#........
.......#.....######.##..
............## ... .
......##>#.#.#### ##.
...........).....# .
...#....#.#.#..## ..
#...#........#


You could see a ball python and a rat.

Vanquished Creatures
  2 goblins (D:1)
  A ball python (D:1)
3 creatures vanquished.

Notes
Turn   | Place    | Note
-------+----------+-------------------------------------------
     0 | D:1      | Gabide the Human Artificer began the quest for the Orb.
     0 | D:1      | Reached XP level 1. HP: 15/15 MP: 1/1
     2 | D:1      | Noticed a gargoyle
     2 | D:1      | Noticed a tengu
     4 | D:1      | Noticed a formicid
     4 | D:1      | Noticed a merfolk
     6 | D:1      | Noticed a vine stalker
     6 | D:1      | Noticed a minotaur
     8 | D:1      | Noticed a ghoul
     8 | D:1      | Noticed a demonspawn
    10 | D:1      | Noticed a draconian
    12 | D:1      | Noticed an elf
    12 | D:1      | Noticed a vampire
    14 | D:1      | Noticed a troll
    14 | D:1      | Noticed an octopode
    16 | D:1      | Noticed a djinni
    16 | D:1      | Noticed a barachi
    18 | D:1      | Noticed a naga
    18 | D:1      | Noticed a dwarf
    20 | D:1      | Noticed an ogre
    22 | D:1      | Noticed a spriggan
    24 | D:1      | Noticed a felid
    24 | D:1      | Noticed a demigod
    26 | D:1      | Noticed a palentonga
    26 | D:1      | Noticed a human
   228 | D:1      | Slain by a rat

Illustrated notes

Levels and vault maps discovered:
D:1:      kb_arrival_jail, layout_loops_ring, serial_co_window_serial,
          co_window_corner_a, co_window_of_opportunity_a, co_window_paths_a,
          co_window_paths_a, co_window_corner_a, co_window_of_opportunity_a,
          co_window_of_opportunity_a, co_window_corner_a, co_window_paths_b,
          co_window_corner_b, co_window_of_opportunity_b, co_window_cross_2,
          co_window_cross_4, co_window_of_opportunity_b, co_window_corner_cb,
          glass_columns_c, glass_columns_c, glass_columns_c, glass_columns_a

Action                   || total
-------------------------++-------
Melee: Club              ||    18
       Dagger            ||     2
Evoke: Wand              ||     1
Armor: Leather armour    ||     7
Dodge: Dodged            ||    17
